 Dungeon Crawl Stone Soup version 0.25-a0-516-g7d600cd9ad (webtiles) character file.

Game seed: 282116076851342986, levelgen mode: deterministic

38 ICC the Skirmisher (level 3, -2/20 HPs)
             Began as a Vine Stalker Fighter on Feb 17, 2020.
             Was an Initiate of Wu Jian.
             Slain by Purgy (5 damage)
             ... on level 3 of the Dungeon.
             The game lasted 00:04:14 (1107 turns).

ICC the Skirmisher (Vine Stalker Fighter)           Turns: 1107, Time: 00:04:15

Health: -2/20      AC:  6    Str: 22    XL:     3   Next: 43%
Magic:  0/7        EV:  7    Int:  6    God:    Wu Jian [......]
Gold:   109        SH:  9    Dex: 13    Spells: 6/6 levels left

rFire    . . .     SeeInvis .   a - +0 flail
rCold    . . .     Gourm    .   c - +0 kite shield
rNeg     . . .     Faith    .   b - +0 scale mail
rPois    .         Spirit   +   (no helmet)
rElec    .         Reflect  .   (no cloak)
rCorr    .         Harm     .   (no gloves)
MR       .....                  (no boots)
Stlth    ..........             (no amulet)
HPRegen  0.06/turn              i - +3 ring of strength
MPRegen  0.10/turn              j - -2 ring of intelligence (curse)

@: hasted (expiring), very quick
A: fangs 2, magic shield, antimagic bite, no potion heal 3, rot immunity
a: Renounce Religion


You were on level 3 of the Dungeon.
You worshipped Wu Jian.
Wu Jian was noncommittal.
You were hungry.

You visited 1 branch of the dungeon, and saw 3 of its levels.

You collected 109 gold pieces.

Inventory:

Hand Weapons
 a - a +0 flail (weapon)
Armour
 b - a +0 scale mail (worn)
 c - a +0 kite shield (worn)
Jewellery
 i - a +3 ring of strength (left hand)
 j - a cursed -2 ring of intelligence (right hand)
 q - an uncursed ring of positive energy
Scrolls
 g - 3 scrolls of teleportation {unknown}
 k - a scroll of immolation {unknown}
 l - a scroll of identify {unknown}
 m - 2 scrolls of amnesia {unknown}
 n - 2 scrolls of enchant armour {unknown}
Potions
 d - a potion of might
 h - a potion of brilliance {unknown}
 o - a potion of curing {unknown}
 p - a potion of flight {unknown}
 r - a potion of heal wounds {unknown}
Comestibles
 f - 6 rations


   Skills:
 - Level 3.0 Fighting
 - Level 2.0 Maces & Flails
 - Level 2.4 Armour
 - Level 2.6 Shields
 + Level 2.3 Spellcasting


You had 6 spell levels left.
You didn't know any spells.
Your spell library was empty.

Dungeon Overview and Level Annotations

Branches:
Dungeon (3/15)

Altars:
Wu Jian

Annotations:
D:3 Purgy


Innate Abilities, Weirdness & Mutations

You have extremely sharp teeth.
When hurt, damage is shared between your health and your magic reserves.
Your bite disrupts and absorbs the magic of your enemies.
Potions cannot restore your health.
You are immune to rotting.


Message History

Your extra speed is starting to run out.
Purgy barely misses you. Purgy claws you but does no damage.
You block Purgy's attack.
Unknown command.
You hit Purgy.
Purgy is almost dead.
Purgy bites you.
* * * LOW HITPOINT WARNING * * *
Purgy claws you but does no damage. x2
You barely miss Purgy. Your bite misses Purgy.
Purgy is almost dead.
Your shield and scale mail prevent you from hitting Purgy.
Your bite misses Purgy.
Purgy is almost dead.
Purgy bites you but does no damage. You block Purgy's attack.
Purgy claws you but does no damage.
You barely miss Purgy. You bite Purgy, but do no damage.
Purgy is severely wounded.
Purgy bites you!
You die...

#.# #.######..#.# #.#
#.# #.#
#..#.###.##### #.#
#.######>.#.##.......
#.#
#......#..#.#.....#
#.#
######.#(.#.......#
#.# #.#..........# #
#.<#.##>#...## .##
#.#..##.#...####...#
#.###.@T....$.......#
#. #.###.#...####...#
....# #.##.## ###
##..# #.##.# #..
#.##.# #. #.##.# #
#.##.# #.##.#


You could see Purgy.

Vanquished Creatures
  2 worms (D:2)
  A dart slug (D:1)
  2 ball pythons (D:2)
  A giant cockroach (D:2)
  A goblin (D:1)
  5 hobgoblins
  8 kobolds
  2 bats
  2 frilled lizards (D:1)
  6 rats (D:1)
30 creatures vanquished.

Notes
Turn   | Place    | Note
-------+----------+-------------------------------------------
     0 | D:1      | ICC the Vine Stalker Fighter began the quest for the Orb.
     0 | D:1      | Reached XP level 1. HP: 11/11 MP: 2/2
    49 | D:1      | Reached skill level 3 in Fighting
    72 | D:1      | Reached XP level 2. HP: 8/16 MP: 3/3
   169 | D:1      | Reached skill level 1 in Spellcasting
   284 | D:1      | Reached XP level 3. HP: 13/20 MP: 4/6
   541 | D:2      | Found an ornate altar of the Wu Jian Council.
   555 | D:2      | Became a worshipper of the Wu Jian Council
  1065 | D:3      | Noticed Purgy
  1107 | D:3      | Slain by Purgy

Levels and vault maps discovered:
D:1:      dpeg_arrival_fog, layout_basic
D:2:      layout_basic, lemuel_crystal_altar
D:3:      layout_loops_ring, kennysheep_okawaru_gauntlet, uniq_jessica,
          uniq_purgy

Skill      XL: |  1  2  3 |
---------------+----------+-----
Fighting       | 3 |  3.0
Maces & Flails | 2 |  2.0
Spellcasting   | 1 2 |  2.3
Armour         | |  2.4
Shields        | |  2.6

Action                   || total
-------------------------++-------
Melee: Flail             ||   100
       Bite              ||    28
Invok: Lunge             ||     9
  Use: Potion            ||     1
Armor: Scale mail        ||    52
Dodge: Dodged            ||    33
Block: Kite shield       ||    52

Table legend:
 A = Non-vault XP
 B = Vault XP
 C = Vault XP percentage of total XP
 D = Non-vault monster count
 E = Vault monster count
 F = Vault count percentage of total count
                 A         B        C        D         E       F
            +---------+---------+-------+---------+---------+-------
      Total |      55 |       0 |   0.0 |      30 |       0 |   0.0
            +---------+---------+-------+---------+---------+-------
        D:1 |      35 |       0 |   0.0 |      22 |       0 |   0.0
        D:2 |      20 |       0 |   0.0 |       8 |       0 |   0.0
            +---------+---------+-------+---------+---------+-------
